Description

b2gm boysss

VOD

https://www.youtube.com/watch?v=kuS_PgtyAP8&list=PLFeZeom2b4DmHduNHeFj-6PfoasuSQn3P&index=2

Replay - B2GM - TvT - Bronze 3 - Game 1

Build Order

Get SALT Encoding   

  12  0:01  SCV  
  13  0:13  SCV  
  14  0:21  Supply Depot  
  14  0:25  SCV  
  15  0:43  SCV  
  15  0:47  Barracks  
  16  0:55  SCV  
  17  1:02  Refinery  
  17  1:07  SCV  
  18  1:19  SCV  
  19  1:31  SCV  
  20  1:40  Command Center  
  20  1:45  Orbital Command  
  20  2:05  Supply Depot  
  20  2:10  Factory  
  20  2:16  SCV  
  21  2:28  SCV  
  24  2:58  Factory Tech Lab  
  24  3:04  Factory  
  24  3:07  Refinery  
  24  3:09  Orbital Command  
  29  3:51  Factory Reactor  
  29  3:54  Factory  
  31  4:15  Siege Tank  
  38  4:36  Hellion x2  
  42  4:42  Command Center  
  42  4:45  Factory Tech Lab  
  46  5:01  Supply Depot x2  
  48  5:33  Supply Depot  
  50  5:46  Siege Tank x2  
  50  5:47  Hellion x2  
  62  5:59  Orbital Command  
  62  6:02  Command Center  
  64  6:06  Armory x2  
  66  6:13  Refinery x2  
  66  6:15  Hellion x2  
  70  6:20  Orbital Command  
  70  6:26  Factory x2  
  73  6:42  Siege Tank  
  73  6:43  Hellion x3  
  80  7:05  Thor  
  84  7:11  Factory Reactor  
  84  7:12  Factory Tech Lab  
  85  7:16  Hellion  
  85  7:26  Thor  
  93  7:37  Command Center  
  90  8:13  Thor  
  105  8:58  Terran Vehicle Weapons Level 1, Terran Vehicle And Ship Armor Level 1  
  105  9:07  Thor x2  
  124  9:19  Thor  
  138  9:35  Refinery x2  
  141  9:50  Thor x2  
  156  9:53  Command Center  
  156  10:31  Refinery x2  
  156  10:33  Action  
  156  10:36  Orbital Command x2  
  156  10:40  Engineering Bay, Thor x2  
  182  10:58  Terran Vehicle Weapons Level 2, Terran Vehicle And Ship Armor Level 2  
  180  11:23  Factory x3  
  149  12:22  Factory Reactor, Factory Tech Lab x2  
  160  12:48  Orbital Command  
Spawning Tool Build Advisor. Get it on Overwolf

Go to:

Details

  • Created by: MicroJackson
  • Published on: Feb 12, 2021
  • Modified on: Feb 12, 2021
  • Patch: 4.11.0
  • Difficulty: Easy
Show
View Real Time Build Order
Export as new Build Order

Comments (0)

There are no comments. Be the first!

Create an account to comment!